 Dungeon Crawl Stone Soup version 0.15-b1-55-g17c0860 (webtiles) character file.

6546 Nordron the Conjurer (level 11, -1/65 HPs)
             Began as an Octopode Conjurer on Aug 10, 2014.
             Was a Believer of Makhleb.
             Slain by a spiny frog (20 damage)
             ... on Level 1 of the Lair of Beasts.
             The game lasted 02:32:07 (10679 turns).

Nordron the Conjurer (Octopode Conjurer)           Turns: 10679, Time: 02:32:07

HP  -1/65        AC  1     Str  8      XL: 11   Next:  1%
MP   5/29        EV 14     Int 21      God: Makhleb [**....]
Gold 319         SH  0     Dex 12      Spells:  6 memorised, 10 levels left

rFire  + + .     SeeInvis .     W - +10 trident of Qutyj {drain, Contam +Blink}
rCold  . . .     Clarity  .     (no shield)
rNeg   . . .     rCorr    .     (helmet restricted)
rPois  .         rRot     .     (no amulet)
rElec  .         Spirit   .     o - ring of protection from fire
SustAb .         Warding  .     z - ring of protection from fire
rMut   .         Stasis   .     (no ring)
Gourm  .                        (no ring)
MR     .....                    (no ring)
                                (no ring)
                                (no ring)
                                (no ring)

@: about to teleport, not resistant to hostile enchantments, stealthy
A: almost no armour, amphibious, 8 rings, constrict 8, camouflage 1, gelatinous
body 1
a: Minor Destruction, Renounce Religion, Evoke Blink


You were on level 1 of the Lair of Beasts.
You worshipped Makhleb.
Makhleb was pleased with you.
You were not hungry.

You visited 3 branches of the dungeon, and saw 10 of its levels.

You collected 319 gold pieces.

Inventory:

Hand weapons
 b - a +0 long sword of distortion
 l - a +2 hunting sling of evasion
 G - a +1 dagger of pain
 I - a +1 dire flail of freezing
 J - a +2 dagger of flaming
 L - a +0 shortbow of freezing
 N - a cursed +2 mace
 O - a +3 flail
 U - a +2 mace of protection
 W - the +10 trident of Qutyj (weapon) {drain, Contam +Blink}
   (You found it on level 8 of the Dungeon)

   A truly terrible weapon, it drains the life of those it strikes.
   It lets you blink.
   It causes magical contamination when unequipped.
Missiles
 g - 3 javelins (quivered)
 q - 18 sling bullets
 y - 5 poisoned tomahawks
 P - 16 steel sling bullets
Magical devices
 w - a wand of confusion (0)
 A - a wand of teleportation (2)
 H - a wand of fireball (6)
 T - a wand of fire (7)
Comestibles
 f - a slice of pizza
 j - 3 meat rations
 m - 6 fruits
 p - 2 beef jerkies
 t - 11 royal jellies
Scrolls
 a - a scroll of immolation
 e - 2 scrolls of teleportation
 h - a scroll of magic mapping
 i - a scroll of amnesia
 k - a scroll of fog
 B - a scroll of random uselessness {unknown}
 C - a scroll of remove curse {unknown}
 D - a scroll of enchant armour {unknown}
 M - a scroll of vulnerability {unknown}
 Q - a scroll of summoning {unknown}
 R - a scroll of blinking {unknown}
 V - a scroll of torment {unknown}
Jewellery
 o - a ring of protection from fire (left tentacle)
 z - a ring of protection from fire (right tentacle)
 F - an uncursed ring of fire
Potions
 d - a potion of agility {unknown}
 n - a potion of might
 r - a potion of brilliance
 s - a potion of berserk rage {unknown}
 x - a potion of mutation {unknown}
 E - a potion of invisibility
 K - a potion of flight {unknown}
 X - a potion of lignification {unknown}
Books
 c - a book of Conjurations

   Spells                             Type                      Level
   *Magic Dart                        Conjuration                  1
   *Searing Ray                       Conjuration                  2
   *Dazzling Spray                    Conjuration/Hexes            3
   *Fulminant Prism                   Conjuration/Hexes            4
   *Iskenderun's Mystic Blast         Conjuration                  4
   *Iskenderun's Battlesphere         Conjuration/Charms           5
 S - a book of Envenomations

   Spells                             Type                      Level
   Spider Form                        Transmutation/Poison         3
   Alistair's Intoxication            Transmutation/Poison         4
   Olgreb's Toxic Radiance            Poison                       4
   Poisonous Cloud                    Conjuration/Poison/Air       6


   Skills:
 + Level 2.4 Fighting
 + Level 4.4 Slings
 + Level 5.5 Dodging
 + Level 5.2 Stealth
 + Level 9.7 Spellcasting
 + Level 10.1 Conjurations
 + Level 2.0 Hexes
 + Level 1.9 Evocations


You had 10 spell levels left.
You knew the following spells:

 Your Spells              Type           Power        Failure   Level  Hunger
a - Magic Dart            Conj           ####         1%          1    None
b - Searing Ray           Conj           ######       1%          2    None
c - Dazzling Spray        Conj/Hex       #####...     1%          3    None
d - Iskenderun's Mystic   Conj           ######..     1%          4    ##.....
e - Fulminant Prism       Conj/Hex       #####.....   6%          4    ##.....
f - Iskenderun's Battles  Conj/Chrm      ####....     24%         5    ####...


Dungeon Overview and Level Annotations

Branches:
Dungeon (8/15)             Temple (1/1) D:5            Lair (1/8) D:8

Altars:
Ashenzari
Cheibriados
Dithmenos
Elyvilon
Fedhas
Kikubaaqudgha
Makhleb
Nemelex Xobeh
Okawaru
Qazlal
Sif Muna
Trog
Vehumet
Xom
Yredelemnul
Zin
The Shining One


Innate Abilities, Weirdness & Mutations

You cannot wear most types of armour.
You are amphibious.
You can wear up to eight rings at the same time.
You can use your tentacles to constrict many enemies at once.
Your skin changes colour to match your surroundings (Stealth).
Your rubbery body absorbs attacks (AC +1).


Message History

Zapping:
w - a wand of confusion {zapped: 3}
Press: ? - help, Shift-Dir - straight line, f/p - spiny frog
Aim: a spiny frog The spiny frog resists.
The spiny frog barely misses you.
Attack whom?
Press: ? - help, Dir - move target cursor, f/p - spiny frog
Aim: a spiny frog
Okay, then.
Attack whom?
Press: ? - help, Dir - move target cursor, f/p - spiny frog
Aim: a spiny frog
Okay, then.
Zapping:
A - a wand of teleportation {zapped: 1}
Press: ? - help, Shift-Dir - straight line, f/p - spiny frog
Aim: a spiny frog The spiny frog resists.
The spiny frog closely misses you.
Zapping:
A - a wand of teleportation {zapped: 2}
Press: ? - help, Shift-Dir - straight line, f - you, p - spiny frog You feel strangely unstable.
The spiny frog stings you!!
You die...

..........# ###.P#8.>.8#.........
..........# ##.##.....#...# ,,,,
Y.........####...##.8.##...#*,,,,
FY.....(..........#####..###,,,,,
#................<........# *,,,*
#.........................#,,,, *
#..###..##................#,,,***
###.....##......F.........#,,,*
................@...........,** *
.............................# **
....P.#P##................#..#**
##.#P.#####..................,,,,
#####.P# ##..............#.#****
..#....## #..######....###,* ***
........#* #...# ,..,,**,,***,*
.........#**..##****,,,,**,,,,,,,
.........#*,,..,,,**,,,, *,,,, ,,


You could see a spiny frog.

Vanquished Creatures
  A hydra (Lair:1)
  Pikel (D:4)
  Grinder (D:5)
  The ghost of Nordron the Slinger, an average HaHu (D:3)
  5 yaks (Lair:1)
  2 hippogriffs (Lair:1)
  Grum (D:8)
  2 steam dragons (D:5)
  4 wolves (D:8)
  2 water moccasins
  A porcupine (Lair:1)
  3 ice beasts
  A phantom (D:6)
  A sky beast (D:8)
  A black bear (D:6)
  An orc warrior (D:8)
  A necrophage (D:7)
  A slave (D:4)
  2 centaurs
  6 giant frogs
  A scorpion (D:8)
  3 wights (D:7)
  7 crimson imps
  2 goliath beetles
  4 hounds
  3 jellies (D:8)
  4 orc priests
  A gnoll shaman (D:5)
  3 iguanas
  7 orc wizards
  8 worker ants
  A statue (D:8)
  Ijyb (D:2)
  A big kobold skeleton (D:7)
  A worker ant zombie (D:6)
  7 gnolls
  3 shadow imps
  11 adders
  A giant mite (D:4)
  A worm (D:4)
  An orc zombie (D:8)
  An adder zombie (D:5)
  An adder skeleton (D:4)
  7 giant geckos
  5 oozes (D:8)
  18 orcs
  12 hobgoblins
  4 jackals (D:2)
  14 kobolds
  3 quokkas
  3 ball pythons
  26 bats
  2 giant cockroaches
  A giant gecko skeleton (D:5)
  5 giant newts
  A giant spore (D:8)
  10 goblins
  A hobgoblin skeleton (D:6)
  A kobold zombie (D:8)
  A quokka zombie (D:6)
  17 rats
  A rat zombie (D:5)
  A ballistomycete (D:8)
  A fungus (D:8)
245 creatures vanquished.

Vanquished Creatures (others)
  18 fulminant prisms
  A fungus (D:5)
19 creatures vanquished.

Grand Total: 264 creatures vanquished

Notes
Turn   | Place    | Note
--------------------------------------------------------------
     0 | D:1      | Nordron, the Octopode Conjurer, began the quest for the Orb.
     0 | D:1      | Reached XP level 1. HP: 11/11 MP: 3/3
   194 | D:1      | Reached XP level 2. HP: 17/17 MP: 0/4
   440 | D:1      | Learned a level 2 spell: Searing Ray
   899 | D:2      | Noticed Ijyb
   913 | D:2      | Killed Ijyb
   913 | D:2      | Reached XP level 3. HP: 12/21 MP: 0/6
  1445 | D:2      | Reached XP level 4. HP: 24/27 MP: 4/8
  1845 | D:3      | Found a shimmering altar of Xom.
  1883 | D:3      | Noticed Nordron's ghost (average HaHu)
  1936 | D:3      | Reached skill level 5 in Conjurations
  1948 | D:3      | Reached skill level 1 in Slings
  2132 | D:3      | Reached XP level 5. HP: 31/31 MP: 2/10
  2585 | D:3      | Killed Nordron's ghost
  2585 | D:3      | Reached XP level 6. HP: 18/36 MP: 2/13
  2683 | D:3      | Learned a level 3 spell: Dazzling Spray
  2688 | D:3      | Learned a level 4 spell: Iskenderun's Mystic Blast
  2803 | D:4      | Noticed Pikel
  3312 | D:4      | Reached XP level 7. HP: 36/42 MP: 5/17
  3389 | D:4      | Noticed a water moccasin
  3401 | D:4      | Killed a water moccasin
  3401 | D:4      | Reached skill level 6 in Conjurations
  3925 | D:4      | Reached skill level 1 in Fighting
  4207 | D:4      | Killed Pikel
  4207 | D:4      | Reached skill level 5 in Spellcasting
  4207 | D:4      | Reached XP level 8. HP: 27/48 MP: 6/21
  4474 | D:4      | Learned a level 4 spell: Fulminant Prism
  4476 | D:5      | Entered Level 5 of the Dungeon
  4626 | D:5      | Reached skill level 7 in Conjurations
  5163 | D:5      | Noticed Grinder
  5172 | D:5      | Killed Grinder
  5453 | D:5      | Reached XP level 9. HP: 54/54 MP: 8/23
  5605 | D:5      | Found a staircase to the Ecumenical Temple.
  5889 | D:5      | Reached skill level 8 in Conjurations
  6915 | D:6      | Found a burning altar of Makhleb.
  6925 | D:6      | Became a worshipper of Makhleb the Destroyer
  7450 | D:7      | Learned a level 5 spell: Iskenderun's Battlesphere
  7516 | D:7      | Acquired Makhleb's first power
  7674 | D:7      | Reached skill level 9 in Conjurations
  7674 | D:7      | Reached skill level 1 in Evocations
  7828 | D:7      | Reached skill level 1 in Hexes
  7970 | D:7      | Found a bloodstained altar of Trog.
  7974 | D:7      | Found a blossoming altar of Fedhas.
  7975 | D:7      | Found a deep blue altar of Sif Muna.
  8018 | D:7      | Reached XP level 10. HP: 60/60 MP: 15/26
  8355 | D:8      | Noticed Grum
  8374 | D:8      | Killed Grum
  8600 | D:8      | Found a staircase to the Lair.
  8824 | Temple   | Entered the Ecumenical Temple
  9220 | D:8      | Acquired Makhleb's second power
  9392 | D:8      | Reached skill level 5 in Dodging
  9623 | D:8      | Got an ivory trident
  9624 | D:8      | Identified the +10 trident of Qutyj {drain, Contam +Blink} (You found it on level 8 of the Dungeon)
  9757 | D:8      | Found a radiant altar of Vehumet.
  9768 | D:8      | Reached skill level 5 in Stealth
  9973 | Lair:1   | Entered Level 1 of the Lair of Beasts
 10049 | Lair:1   | Noticed a six-headed hydra
 10637 | Lair:1   | Killed a six-headed hydra
 10637 | Lair:1   | Reached skill level 10 in Conjurations
 10652 | Lair:1   | Reached XP level 11. HP: 61/65 MP: 5/29
 10679 | Lair:1   | Slain by a spiny frog

Action                   |  1- 3 |  4- 6 |  7- 9 | 10-12 || total
-------------------------+-------+-------+-------+-------++-------
Melee: Mace              |    11 |       |       |       ||    11
       Trident           |       |       |       |     4 ||     4
 Fire: Hunting sling     |    25 |    22 |    25 |     9 ||    81
 Cast: Magic Dart        |    64 |   122 |   222 |   101 ||   509
       Searing Ray       |       |     1 |    11 |     8 ||    20
       Iskenderun's Myst |       |       |    45 |    39 ||    84
       Fulminant Prism   |       |       |     6 |    12 ||    18
 Abil: Evoke Blink       |       |       |       |     4 ||     4
Evoke: Wand              |       |       |     3 |     8 ||    11
  Use: Scroll            |     2 |     2 |     9 |     6 ||    19
       Potion            |       |     1 |     2 |     3 ||     6
 Stab: Sleeping          |       |       |       |     1 ||     1
  Eat: Chunk             |     2 |     6 |     3 |     1 ||    12
       Bread ration      |       |       |     4 |     2 ||     6
       Meat ration       |       |       |       |     1 ||     1
